 Dungeon Crawl Stone Soup version 0.29-a0-330-g52719c12eb (webtiles) character file.

Game seed: 7569371834677352771

266 kae the Firebug (level 5, 0/41 HPs)
             Began as a Demigod Fire Elementalist on Apr 21, 2022.
             Slain by a gnoll
             ... wielding a +0 spear
              (4 damage)
             ... on level 4 of the Dungeon.
             The game lasted 00:02:22 (4427 turns).

kae the Firebug (Demigod Fire Elementalist)         Turns: 4427, Time: 00:02:23

Health: 0/41       AC:  2    Str:  9    XL:     5   Next: 67%
Magic:  8/12       EV: 12    Int: 21    God:
Gold:   150        SH:  0    Dex: 14    Spells: 6/9 levels left

rFire   . . .      SeeInvis .   c - +3 quarterstaff (vorpal)
rCold   . . .      Faith    .   (shield currently unavailable)
rNeg    . . .      Spirit   .   a - +0 robe
rPois   .          Reflect  .   (no helmet)
rElec   .          Harm     +   f - scarf {harm}
rCorr   .          Rampage  .   (no gloves)
Will    .....                   (no boots)
Stlth   ++........              (no amulet)
HPRegen 0.13/turn               (no ring)
MPRegen 0.13/turn               (no ring)

@: no status effects
A: high MP 1, forlorn, divine attributes
a: no special abilities


You were on level 4 of the Dungeon.
You visited 1 branch of the dungeon, and saw 4 of its levels.

You collected 150 gold pieces.

Inventory:

Hand Weapons
 c - a +3 vorpal quarterstaff (weapon)
 i - a +0 dagger
Armour
 a - a +0 robe (worn)
 f - a scarf of harm (worn)
Jewellery
 j - a ring of protection from fire
Wands
 l - a wand of flame (18)
Scrolls
 g - 2 scrolls of noise
 n - a scroll of identify
 p - a scroll of teleportation
Potions
 b - a potion of magic
 d - a potion of haste
 e - 5 potions of lignification
 h - 2 potions of curing
 k - a potion of heal wounds {unknown}
 m - a potion of invisibility
 o - a potion of brilliance {unknown}


   Skills:
 + Level 2.1 Fighting
 - Level 1.7 Dodging
 - Level 1.7 Stealth
 + Level 2.8 Spellcasting
 + Level 2.4 Conjurations
 * Level 4.3 Fire Magic


You had 6 spell levels left.
You knew the following spells:

 Your Spells              Type           Power      Damage    Failure   Level
a - Foxfire               Conj/Fire      68%        2x1d7     3%          1
b - Scorch                Fire           42%        2d7       3%          2

Your spell library contained the following spells:

 Spells                   Type           Power      Damage    Failure   Level
 Magic Dart               Conj           52%        1d5       4%          1
 Conjure Flame            Conj/Fire      17%        6-21      10%         3
 Inner Flame              Hex/Fire       12%        N/A       17%         3
 Flame Wave               Conj/Fire      17%        2d6       32%         4
 Gell's Gravitas          Tloc           2%         N/A       38%         3
 Lesser Beckoning         Tloc           2%         N/A       38%         3
 Teleport Other           Tloc           2%         N/A       38%         3
 Leda's Liquefaction      Hex/Erth       1%         N/A       80%         4
 Lee's Rapid Deconstruct  Erth           1%         3d5*      98%         5
 Dispersal                Tloc           1%         N/A       100%        6
 Statue Form              Tmut/Erth      1%         N/A       100%        6


Dungeon Overview and Level Annotations

Branches:
Dungeon (4/15)
 Temple: D:4-7

Shops:
D:3 [

Annotations:
D:4 3 runed translucent doors, Sapher's ghost, weakling DjTm


Innate Abilities, Weirdness & Mutations

You have an increased reservoir of magic. (+10% MP)
You shall have no god before yourself.
Your divine heritage dramatically boosts your attributes as you level up.


Message History

The gnoll hits you from afar with a +0 spear.
Casting: Foxfire (safe; 3% risk of failure)
Confirm with . or Enter, or press ? or * to list all spells.
You conjure some foxfire!
The foxfire hits the gnoll!
The gnoll is severely wounded.
The foxfire hits the gnoll.
The gnoll is severely wounded.
The gnoll closely misses you.
Casting: Foxfire (safe; 3% risk of failure)
Confirm with . or Enter, or press ? or * to list all spells.
You conjure some foxfire!
The gnoll closely misses you.
The foxfire hits the gnoll.
The gnoll is lightly wounded.
The foxfire hits the gnoll.
The gnoll is heavily wounded.
The gnoll hits you with a +0 flail! The gnoll closely misses you.
Casting: Foxfire (safe; 3% risk of failure)
Confirm with . or Enter, or press ? or * to list all spells.
You conjure some foxfire!
The gnoll completely misses you. The gnoll closely misses you.
The foxfire hits the gnoll but does no damage.
The gnoll is heavily wounded.
The foxfire hits the gnoll.
The gnoll is almost dead.
The gnoll hits you with a +0 flail!
The gnoll hits you from afar with a +0 spear!
* * * LOW HITPOINT WARNING * * *
Casting: Foxfire (safe; 3% risk of failure)
Confirm with . or Enter, or press ? or * to list all spells.
You conjure some foxfire!
The gnoll hits you from afar with a +0 spear.
* * * LOW HITPOINT WARNING * * *
The gnoll barely misses you.
The foxfire hits the gnoll.
The gnoll is almost dead.
The foxfire hits the gnoll.
You kill the gnoll!
The gnoll hits you from afar with a +0 spear.
You die...

#.......##...##...#..
#.......##...##...#..
#............##>..##.
########...........##...##.
##.....##).....##...........
#......##......##(..........
#.......#...g...#...........
#.......#...)...#...........
#..>....'.§@....#...........
#.......#.§.....#...........
#######....###....####...#######.
#..#.##....###....####...##...###
..#.........#.....#.......#......
..#....÷....#.....#.......#......
..#.........#.....'.......#......
..'.........#.<...#.......#......
..#.........#.....#.......'......


You could see a gnoll.

Vanquished Creatures
  A phantom (D:4)
  A hound (D:3)
  An orc wizard (D:3)
  3 gnolls (D:4)
  5 adders
  2 worms (D:2)
  2 dart slugs
  4 orcs
  4 endoplasms
  2 giant cockroaches (D:1)
  6 goblins
  6 hobgoblins
  4 jackals
  8 kobolds
  A quokka (D:2)
  4 ball pythons
  6 bats
  3 frilled lizards
  4 rats
67 creatures vanquished.

Vanquished Creatures (others)
  258 foxfires
  6 fungi (D:2)
  3 plants (D:2)
267 creatures vanquished.

Grand Total: 334 creatures vanquished

Notes
Turn   | Place    | Note
-------+----------+-------------------------------------------
     0 | D:1      | kae the Demigod Fire Elementalist began the quest for the
                  | Orb.
     0 | D:1      | Reached XP level 1. HP: 14/14 MP: 5/5
   186 | D:1      | Reached skill level 1 in Conjurations
   280 | D:1      | Reached skill level 3 in Fire Magic
   280 | D:1      | Reached XP level 2. HP: 18/22 MP: 1/7
   294 | D:1      | Learned a level 2 spell: Scorch
  1820 | D:2      | Reached skill level 1 in Fighting
  1820 | D:2      | Reached XP level 3. HP: 28/28 MP: 0/8
  2418 | D:2      | Got Plato's Incunabulum of Attacks
  2976 | D:3      | Reached XP level 4. HP: 13/35 MP: 2/10
  3245 | D:3      | Found Mepsef's Armour Boutique.
  3922 | D:4      | Reached skill level 4 in Fire Magic
  4014 | D:4      | Reached XP level 5. HP: 41/41 MP: 8/11
  4274 | D:4      | Found a runed translucent gate.
  4274 | D:4      | Found a runed translucent gate.
  4274 | D:4      | Found a runed translucent gate.
  4280 | D:4      | Noticed Sapher's ghost (weakling DjTm)
  4427 | D:4      | Slain by a gnoll

Illustrated notes

Levels and vault maps discovered:
D:1:      nzn_arrival_depleted_hourglass, layout_basic, hangedman_decor_lopped
D:2:      layout_basic, shapermc_ecumenical_altar_rom_forum, minmay_pentomino_p4
D:3:      layout_loops_cross, serial_shops, nicolae_shop_crystal
D:4:      layout_gridville, kennysheep_little_box, gammafunk_ghost_nasty_kobolds

Skill      XL: |  1  2  3  4  5 |
---------------+----------------+-----
Conjurations   | 1 2 |  2.4
Fire Magic     | 3 4 |  4.3
Spellcasting   | 2 |  2.8
Fighting       | 1 2 |  2.1
Dodging        | |  1.7
Stealth        | |  1.7

Action                   |  1- 3 |  4- 6 || total
-------------------------+-------+-------++-------
Melee: Unarmed           |     6 |       ||     6
 Cast: Foxfire           |   104 |    45 ||   149
       Scorch            |     5 |     2 ||     7
  Use: Scroll            |     5 |     4 ||     9
Armor: Robe              |     5 |     1 ||     6
Dodge: Dodged            |    21 |     8 ||    29

Table legend: (Time is in decaauts)
 A = Elapsed time spent in this place.
 B = Non-inter-level travel time spent in this place.
 C = Inter-level travel time spent in this place.
 D = Time resting spent in this place.
 E = Time spent auto-exploring this place.
 F = Levels seen in this place.
 G = Mean time per level.
                   A        B        C        D        E       F      G
               +--------+--------+--------+--------+--------+-----+--------+
         Total |   4425 |   4333 |     92 |     93 |   3676 |   4 | 1106.2 |
       Dungeon |   4425 |   4333 |     92 |     93 |   3676 |   4 | 1106.2 |
               +--------+--------+--------+--------+--------+-----+--------+

Top non-repeatable levels by time:
     D:1: 1325 daAuts
     D:2: 1273 daAuts
     D:3: 1192 daAuts
     D:4: 633 daAuts
